 Dungeon Crawl Stone Soup version 0.28-a0-206-gc2c9e32840 (webtiles) character file.

Game seed: 6037921461365275230

536 Haricot the Digger (level 7, -1/53 HPs)
             Began as a Ghoul Earth Elementalist on Aug 20, 2021.
             Killed from afar by an orc wizard (2 damage)
             ... with a magic dart
             ... on level 5 of the Dungeon.
             The game lasted 00:24:28 (7431 turns).

Haricot the Digger (Ghoul Earth Elementalist)       Turns: 7431, Time: 00:24:28

Health: -1/53      AC:  3    Str:  9 (12) XL:     7   Next: 25%
Magic:  11/11      EV: 12    Int:  9 (12) God:
Gold:   278        SH:  0    Dex:  7 (9)  Spells: 11/12 levels left

rFire   . . .      SeeInvis .   l - staff of air
rCold   + . .      Faith    .   (no shield)
rNeg    + + +      Spirit   .   b - +0 robe
rPois   ∞          Reflect  .   (no helmet)
rElec   +          Harm     .   o - +0 cloak
rCorr   .          Rampage  .   (no gloves)
Will    .....                   (no boots)
Stlth   ++........              (no amulet)
HPRegen 0.00/turn               (no ring)
MPRegen 0.12/turn               (no ring)

@: mighty, attractive, inhibited regen
A: claws 1, cold resistance 1, negative energy resistance 3, inhibited
regeneration, torment resistance 2
a: no special abilities


You were on level 5 of the Dungeon.
You visited 1 branch of the dungeon, and saw 6 of its levels.

You collected 278 gold pieces.

Inventory:

Hand Weapons
 a - a +1 hand axe
 d - a +0 dagger
 t - the +3 sling "Punk" {acid, rCorr}
   (You found it on level 4 of the Dungeon)

   Any ammunition fired from it is coated in acid, damaging and corroding those
   it strikes.
   rCorr:     It protects you from acid and corrosion.
Missiles
 c - 43 stones
 e - 25 poisoned darts
 h - 33 bolts
 n - 41 arrows
Armour
 b - a +0 robe (worn)
 o - a +0 cloak (worn)
Magical Staves
 l - a staff of air (weapon)
Wands
 f - a wand of paralysis (21)
Scrolls
 g - a scroll of summoning
 i - a scroll of identify
 u - 3 scrolls of amnesia
Potions
 j - 3 potions of lignification
 k - a potion of mutation


   Skills:
 + Level 1.7 Fighting
 + Level 1.1 Axes
 + Level 1.2 Staves
 + Level 2.9 Dodging
 + Level 3.2 Stealth
 + Level 3.4 Spellcasting
 + Level 0.8 Transmutations
 * Level 2.1 Air Magic
 + Level 5.1 Earth Magic


You had 11 spell levels left.
You knew the following spells:

 Your Spells              Type           Power      Damage    Failure   Level
a - Sandblast             Erth           20%        2d7       3%          1

Your spell library contained the following spells:

 Spells                   Type           Power      Damage    Failure   Level
 Passwall                 Tmut/Erth      5%         N/A       13%         2
 Corpse Rot               Necr/Air       N/A        N/A       28%         2
 Stone Arrow              Conj/Erth      12%        3d7       30%         3
 Petrify                  Tmut/Erth      6%         N/A       63%         4
 Animate Armour           Summ/Erth      12%        N/A       69%         4
 Dispel Undead            Necr           1%         3d6       96%         4
 Death Channel            Necr           0%         N/A       100%        6
 Lehudib's Crystal Spear  Conj/Erth      3%         10d2      100%        8


Dungeon Overview and Level Annotations

Branches:
Dungeon (6/15)
 Temple: D:4-7

Altars:
Fedhas
Zin

Shops:
D:1 =

Portals:
Abyss: D:5

Annotations:
D:1 1 runed translucent door
D:5 2 transporters, aMcNicky's ghost, novice DjGl
D:6 Sigmund


Innate Abilities, Weirdness & Mutations

You thrive by killing the living.
You are immune to poison.
You have sharp fingernails.
Your flesh is cold resistant. (rC+)
You are immune to negative energy. (rN+++)
You do not regenerate when monsters are visible.
You are immune to unholy pain and torment.


Message History

The orc priest is severely wounded.
The orc priest hits you with a +0 dagger.
* * * LOW HITPOINT WARNING * * *
Something hits you.
* * * LOW HITPOINT WARNING * * *
Your jackal closely misses something.
You barely miss the orc priest.
The orc priest is almost dead.
The orc priest dies!
Your jackal bites something.
Something hits you.
* * * LOW HITPOINT WARNING * * *
Your jackal bites something but does no damage.
Something completely misses you.
Your jackal completely misses something.
Things that are here:
a +0 dagger; a +0 scale mail Something hits you.
* * * LOW HITPOINT WARNING * * *
Something hits your jackal but does no damage.
There is an open door here.
You aren't wearing any rings or amulets.
Something hits your jackal. Lightning courses through your jackal!
Your jackal dies!
Your jackal's corpse dissolves into shadows!
Something is attracted toward you.
Your scorpion barely misses something.
There is an open door here.
You open the door. Something closely misses your jackal.
Your scorpion stings something!
Your jackal dissolves into shadows!
There is an open door here.
You open the door. Something hits you.
* * * LOW HITPOINT WARNING * * *
Your scorpion stings something.
There is an open door here.
An orc wizard appears from thin air!
Reactivating autopickup.
The orc wizard casts a spell at you. The magic dart hits you.
You die...

##.........# #.###........##
#.......<.###..##....>.....
#>.........###............#
##.........##.............# #
#.........#..###.........# .##
##..........## #........## ..##
#.........#####........# ...##
#.........##...........#
....######......@.##.##<.......#
...h.#...###'###'###+###.......#
.......# #..#...o...#..#......##
......####.)#...s...#..#.....##
.......#.'..'###'###+..'.[...# ##
.........#..#.'...'.#..#...#.###.
#....)...#..#.#...#.#..#.###.##..
#......#.+##'.#._.#.'##+.# #.....
##...###.#..#.#...#.#..### #.....


You could see an orc wizard and a friendly scorpion (summoned).

Vanquished Creatures
  A scorpion (D:5)
  2 jellies
  A bullfrog skeleton (D:5)
  2 orc priests (D:5)
  A bullfrog zombie (D:5)
  A hound (D:5)
  2 orc wizards (D:5)
  A killer bee zombie (D:5)
  5 adders
  A worm (D:3)
  2 dart slugs
  4 orcs
  6 bats
  7 endoplasms
  4 giant cockroaches
  9 goblins
  A hobgoblin (D:3)
  4 quokkas
  4 ball pythons
  6 frilled lizards
  8 kobolds
  3 rats
75 creatures vanquished.

Vanquished Creatures (collateral kills)
  A scorpion (D:4)
  An orc priest (D:5)
  An orc wizard (D:5)
3 creatures vanquished.

Vanquished Creatures (others)
  11 plants (D:3)
11 creatures vanquished.

Grand Total: 89 creatures vanquished

Notes
Turn   | Place    | Note
-------+----------+-------------------------------------------
     0 | D:1      | Haricot the Ghoul Earth Elementalist began the quest for
                  | the Orb.
     0 | D:1      | Reached XP level 1. HP: 14/14 MP: 2/2
     1 | D:1      | Found a runed translucent door.
   189 | D:1      | Reached XP level 2. HP: 20/20 MP: 1/3
   489 | D:1      | Found Dekat's Jewellery Shoppe.
   860 | D:1      | Reached XP level 3. HP: 26/26 MP: 3/5
   948 | D:1      | Reached skill level 4 in Earth Magic
  2162 | D:2      | Reached XP level 4. HP: 28/34 MP: 6/6
  3277 | D:3      | Found a faded altar of an unknown god.
  3810 | D:4      | Noticed a scorpion
  4210 | D:4      | HP: 1/34 [scorpion (9)]
  4216 | D:4      | Killed a scorpion
  4217 | D:4      | Reached skill level 1 in Axes
  4217 | D:4      | Reached XP level 5. HP: 2/39 MP: 1/8
  4612 | D:4      | Found a blossoming altar of Fedhas.
  4652 | D:4      | Reached skill level 1 in Fighting
  4744 | D:4      | Found the +3 sling "Punk" {acid, rCorr}
  5003 | D:5      | Entered Level 5 of the Dungeon
  5355 | D:5      | Reached XP level 6. HP: 22/47 MP: 7/9
  5560 | D:5      | Reached skill level 1 in Air Magic
  5686 | D:5      | Reached skill level 1 in Staves
  5697 | D:5      | Reached skill level 5 in Earth Magic
  5878 | D:5      | Reached XP level 7. HP: 52/52 MP: 7/10
  6470 | D:5      | Found a transporter.
  6614 | D:5      | Found a transporter.
  6685 | D:5      | Noticed a toenail golem
  6686 | D:5      | Found a one-way gate to the infinite horrors of the Abyss.
  6686 | D:5      | Noticed aMcNicky's ghost (novice DjGl)
  6915 | D:6      | Noticed Sigmund
  7429 | D:5      | HP: 1/53 [something (3)]
  7431 | D:5      | Killed from afar by an orc wizard

Illustrated notes

Levels and vault maps discovered:
D:1:      dpeg_arrival_caged_fury, layout_basic, serial_shops, shop,
          minmay_tetromino_i2
D:2:      layout_basic
D:3:      layout_rooms, shapermc_ecumenical_altar_ellora, serial_bayou_lagoon_a
D:4:      layout_cave_pools, mainiacjoe_overflow_tiny_flanked
D:5:      layout_cave_pods, mainiacjoe_overflow_24_doors,
          gammafunk_ghost_abyssal_escape
D:6:      layout_loops_cross, trog_ov_bears_minmay, temple_fountains,
          serial_shops, shop, uniq_sigmund

Skill      XL: |  1  2  3  4  5  6  7 |
---------------+----------------------+-----
Spellcasting   | 2 3 |  3.4
Earth Magic    | 4 5 |  5.1
Dodging        | 2 |  2.9
Axes           | 1 |  1.1
Fighting       | 1 |  1.7
Stealth        | 3 |  3.2
Air Magic      | 1 2 |  2.1
Staves         | 1 |  1.2
Transmutations | |  0.8

Action                   |  1- 3 |  4- 6 |  7- 9 || total
-------------------------+-------+-------+-------++-------
Melee: Hand axe          |    74 |     6 |       ||    80
       Staff             |       |   119 |    26 ||   145
 Cast: Sandblast         |    28 |    55 |    22 ||   105
  Use: Scroll            |     2 |     6 |     4 ||    12
       Potion            |     2 |     3 |     5 ||    10
 Stab: Sleeping          |     2 |       |       ||     2
Armor: Robe              |    20 |    15 |     5 ||    40
Dodge: Dodged            |    71 |    92 |    26 ||   189

Table legend: (Time is in decaauts)
 A = Elapsed time spent in this place.
 B = Non-inter-level travel time spent in this place.
 C = Inter-level travel time spent in this place.
 D = Time resting spent in this place.
 E = Time spent auto-exploring this place.
 F = Levels seen in this place.
 G = Mean time per level.
                   A        B        C        D        E       F      G
               +--------+--------+--------+--------+--------+-----+--------+
         Total |   7511 |   7511 |      0 |   2468 |   3373 |   6 | 1251.8 |
       Dungeon |   7511 |   7511 |      0 |   2468 |   3373 |   6 | 1251.8 |
               +--------+--------+--------+--------+--------+-----+--------+

Top non-repeatable levels by time:
     D:5: 2278 daAuts
     D:1: 1505 daAuts
     D:3: 1434 daAuts
     D:2: 1244 daAuts
     D:4: 1036 daAuts
     D:6: 12 daAuts
